 Dungeon Crawl Stone Soup version 0.24.0-13-gcf9b3192b9 (webtiles) character file.

Game seed: 5437912706271095895, levelgen mode: deterministic

14500 Aviak the Summoner (level 12, -4/133 HPs)
             Began as a Gnoll Summoner on Nov 9, 2019.
             Was a High Priest of Sif Muna.
             Slain by a black mamba (10 damage)
             ... on level 2 of the Lair of Beasts.
             The game lasted 00:28:48 (12970 turns).

Aviak the Summoner (Gnoll Summoner)                Turns: 12970, Time: 00:28:48

Health: -4/133     AC: 11    Str: 17    XL:     12   Next: 17%
Magic:  16/33      EV: 17    Int: 28    God:    Sif Muna [*****.]
Gold:   495        SH:  0    Dex: 20    Spells: 7/28 levels left

rFire    . . .     SeeInvis +   N - +3 quarterstaff "Riqaxti" {drain, *Corrode rElec rPois Int+6}
rCold    + . .     Gourm    .   (shield currently unavailable)
rNeg     + . .     Faith    .   O - +0 ring mail
rPois    +         Spirit   .   (no helmet)
rElec    +         Reflect  .   (no cloak)
rCorr    .         Harm     .   (no gloves)
MR       +++..     Clarity  +   (no boots)
Stlth    ..........             G - amulet of the Four Winds {rN+ MR+++ Clar}
HPRegen  0.32/turn              P - ring "Heoxi" {MP+9 AC+5 SInv Stlth+}
MPRegen  0.23/turn              T - ring "Daongil" {rC+ Str+2 Dex+3 SInv Stlth+}

@: berserking, very quick
A: distributed training, fangs 1, strong nose
a: Channel Magic, Forget Spell, Divine Exegesis, Renounce Religion


You were on level 2 of the Lair of Beasts.
You worshipped Sif Muna.
Sif Muna was extremely pleased with you.
You were not hungry.

You visited 2 branches of the dungeon, and saw 13 of its levels.

You collected 1026 gold pieces.
You spent 531 gold pieces at shops.

Inventory:

Hand Weapons
 E - a +1 whip of flaming
 N - the +3 quarterstaff "Riqaxti" (weapon) {drain, *Corrode rElec rPois Int+6}
   (You found it on level 6 of the Dungeon)

   A truly terrible weapon, it drains the life of those it strikes.
   It affects your intelligence (+6).
   It insulates you from electricity.
   It protects you from poison.
   It may corrode you when you take damage.
Missiles
 p - 5 throwing nets (quivered) {!f}
Armour
 k - a +0 buckler
 O - a +0 ring mail (worn)
Jewellery
 A - a +5 ring of protection
 C - an uncursed ring of protection from cold
 G - the amulet of the Four Winds (around neck) {rN+ MR+++ Clar}
   (You found it on level 6 of the Dungeon)

   [amulet of nothing]

   It protects you from negative energy.
   It affects your resistance to hostile enchantments.
   It protects you against confusion.
 P - the ring "Heoxi" (left hand) {MP+9 AC+5 SInv Stlth+}
   (You took it off an orc on level 7 of the Dungeon)

   [ring of protection]

   It affects your AC (+5).
   It affects your magic capacity (+9).
   It lets you see invisible.
   It makes you more stealthy.
 R - the amulet "Tisykoxt" {RegenMP rElec Stlth+}
   (You found it on level 7 of the Dungeon)

   [amulet of magic regeneration]

   It increases your magic regeneration.
   It insulates you from electricity.
   It makes you more stealthy.
 S - the ring "Pagymul" {rF+ Str+3 Int-5 Dex+4}
   (You found it on level 7 of the Dungeon)

   [ring of protection from fire]

   It affects your strength (+3).
   It affects your intelligence (-5).
   It affects your dexterity (+4).
   It protects you from fire.
 T - the ring "Daongil" (right hand) {rC+ Str+2 Dex+3 SInv Stlth+}
   (You found it on level 7 of the Dungeon)

   [ring of dexterity]

   It affects your strength (+2).
   It affects your dexterity (+3).
   It protects you from cold.
   It lets you see invisible.
   It makes you more stealthy.
Wands
 e - a wand of disintegration (9)
 i - a wand of scattershot (5)
 t - a wand of iceblast (8)
 y - a wand of random effects (11)
 H - a wand of digging (5)
 I - a wand of polymorph (8)
 J - a wand of acid (5)
 X - a wand of enslavement (12)
 Z - a wand of clouds (3)
Scrolls
 b - 2 scrolls of enchant armour
 g - a scroll of immolation {unknown}
 j - 4 scrolls of amnesia
 n - 2 scrolls of fear
 r - 12 scrolls of remove curse
 s - 2 scrolls of enchant weapon
 u - 2 scrolls of magic mapping
 w - 3 scrolls of teleportation
 L - a scroll of torment {unknown}
 M - 2 scrolls of acquirement {unknown}
 V - 2 scrolls of fog {unknown}
 W - a scroll of vulnerability {unknown}
 Y - a scroll of holy word {unknown}
Potions
 a - a potion of might
 c - 3 potions of curing
 d - a potion of lignification {unknown}
 f - 4 potions of haste
 h - a potion of heal wounds
 l - a potion of cancellation
 m - 2 potions of brilliance
 o - 2 potions of degeneration {!q!q}
 x - a potion of flight
 z - 3 potions of agility
 B - 2 potions of mutation {!q}
 F - 3 potions of invisibility
 K - 2 potions of ambrosia
Miscellaneous
 Q - a phial of floods
Comestibles
 U - 28 rations


   Skills:
 + Level 6.9 Fighting
 + Level 6.9 Short Blades
 + Level 6.9 Long Blades
 + Level 6.9 Axes
 + Level 6.9 Maces & Flails
 + Level 6.9 Polearms
 + Level 6.9 Staves
 + Level 6.9 Slings
 + Level 6.9 Bows
 + Level 6.9 Crossbows
 + Level 6.9 Throwing
 + Level 6.9 Armour
 + Level 8.4 Dodging
 + Level 8.1 Stealth
 + Level 6.9 Shields
 + Level 6.9 Unarmed Combat
 + Level 8.6 Spellcasting
 + Level 5.7 Conjurations
 + Level 5.7 Hexes
 + Level 5.7 Charms
 + Level 9.2 Summonings
 + Level 5.7 Necromancy
 + Level 5.7 Translocations
 + Level 5.7 Transmutations
 + Level 5.7 Fire Magic
 + Level 5.7 Ice Magic
 + Level 5.7 Air Magic
 + Level 5.7 Earth Magic
 + Level 5.7 Poison Magic
 + Level 7.5 Invocations
 + Level 6.9 Evocations


You had 7 spell levels left.
You knew the following spells:

 Your Spells              Type           Power        Failure   Level  Hunger
a - Summon Small Mammal   Summ           ####         1%          1    None
b - Call Imp              Summ           ######..     1%          2    None
c - Call Canine Familiar  Summ           ######..     1%          3    None
d - Summon Ice Beast      Ice/Summ       ######..     3%          4    #......
e - Summon Lightning Spi  Summ/Air       ######..     3%          4    #......
f - Confuse               Hex            #####...     2%          3    None
g - Fulminant Prism       Conj/Hex       #####.....   8%          4    #......

Your spell library contained the following spells:

 Spells                   Type           Power        Failure   Level  Hunger
 Animate Skeleton         Necr           N/A          1%          1    None
 Apportation              Tloc           #####.       1%          1    None
 Confusing Touch          Hex            #####.       1%          1    None
 Infusion                 Chrm           ####         1%          1    None
 Magic Dart               Conj           ####         1%          1    None
 Corpse Rot               Necr           N/A          1%          2    None
 Poisonous Vapours        Pois/Air       #####.       1%          2    None
 Searing Ray              Conj           #####.       1%          2    None
 Shroud of Golubria       Chrm/Tloc      #####.       1%          2    None
 Song of Slaying          Chrm           #####...     1%          2    None
 Throw Flame              Conj/Fire      #####.       1%          2    None
 Summon Guardian Golem    Hex/Summ       ######..     1%          3    None
 Dazzling Spray           Conj/Hex       #####.       2%          3    None
 Gell's Gravitas          Tloc           #####.....   2%          3    None
 Regeneration             Chrm/Necr      #####.....   2%          3    None
 Spectral Weapon          Hex/Chrm       #####...     2%          3    None
 Force Lance              Conj/Tloc      #####...     8%          4    #......
 Iskenderun's Mystic Bla  Conj           #####...     8%          4    #......
 Petrify                  Tmut/Erth      #####...     8%          4    #......
 Alistair's Intoxication  Tmut/Pois      #####...     21%         5    ####...
 Fireball                 Conj/Fire      #####.....   21%         5    ####...
 Metabolic Englaciation   Hex/Ice        #####.....   21%         5    ####...
 Yara's Violent Unravell  Hex/Tmut       #####.....   21%         5    ####...


Dungeon Overview and Level Annotations

Branches:
Dungeon (11/15)            Temple (0/1) D:5            Lair (2/6) D:11
  Swamp: Lair:2-4    Shoals: Lair:2-4     Snake: Lair:2-4    Spider: Lair:2-4
    Orc: D:9-12

Altars:
Elyvilon
Hepliaklqana
Makhleb
Qazlal
Ru
Sif Muna
Vehumet
Wu Jian
Yredelemnul
Zin
Beogh

Shops:
D:7 %   D:8 [*!(

Portals:
Trove: D:10 (give 4 scrolls of blinking)


Innate Abilities, Weirdness & Mutations

Your experience applies equally to all skills.
You have very sharp teeth.
Your uncanny sense of smell can sniff out nearby items.


Message History

You feel yourself moving faster!
You feel mighty!
The black mamba bites you but does no damage.
The black mamba closely misses you.
Your ice beast completely misses the komodo dragon.
Your ice beast hits the black mamba but does no damage.
You sock the black mamba!
The black mamba is heavily wounded.
The black mamba bites you but does no damage.
You hit the black mamba. You drain the black mamba.
The black mamba is severely wounded.
The black mamba misses you. The komodo dragon bites you!
* * * LOW HITPOINT WARNING * * *
Your ice beast barely misses the komodo dragon.
The black mamba misses you.
Your ice beast hits the black mamba but does no damage.
You sock the black mamba! You drain the black mamba.
Your bite misses the black mamba.
The black mamba is almost dead.
The black mamba bites you!
You die...

......#........#......
..............P#....
.....PP.......##..#
.....#P.......#...#
.P+.###...........#
##...#....?.......#
..............#...# .
..............#l#S##....
...............Y@Y8......
...............$.........
.........................
....)....................
..........?...#.###.###..
#####.####..##### .# . #
P.# #... F# .# ...# ##


You could see a komodo dragon, a black mamba, 2 friendly ice beasts and a
friendly lightning spire.

Vanquished Creatures
  Erolcha (D:9)
  An unseen horror (D:10)
  An ugly thing (D:11)
  2 spiny frogs (Lair:1)
  2 komodo dragons
  3 trolls
  2 hippogriffs
  A wyvern (D:11)
  A basilisk (Lair:1)
  5 yaks
  A human (D:7)
  A hog (D:7)
  2 water moccasins (Lair:1)
  2 porcupines (Lair:1)
  2 sky beasts
  A hornet zombie (D:8)
  2 phantoms
  2 ice beasts
  3 wolves
  2 centaurs
  3 ogres
  4 crocodiles
  2 big kobolds (D:10)
  4 bullfrogs
  2 scorpions
  A water moccasin skeleton (D:11)
  4 killer bees
  A crimson imp (D:11)
  A hound (D:5)
  3 orc priests (D:7)
  A bullfrog skeleton (D:4)
  3 orc wizards
  Jessica (D:2)
  An iguana (D:10)
  8 worker ants
  2 hound skeletons
  A howler monkey skeleton (D:4)
  3 adders
  5 gnolls
  4 shadow imps
  An ooze (D:6)
  An adder zombie (D:7)
  A worm (D:3)
  6 leopard geckos
  8 orcs
  3 ball pythons (D:1)
  9 giant cockroaches
  8 goblins
  A hobgoblin (D:1)
  9 jackals
  5 quokkas
  7 bats
  4 frilled lizards
  9 kobolds
  A quokka skeleton (D:7)
  4 rats
168 creatures vanquished.

Vanquished Creatures (collateral kills)
  3 hydras
  2 two-headed ogres (D:11)
  An unseen horror (D:11)
  Pikel (D:4)
  An orc knight (D:7)
  A manticore (D:9)
  An ugly thing (D:11)
  A spiny frog (Lair:1)
  2 komodo dragons (Lair:1)
  A troll (D:10)
  A hornet (D:9)
  2 hippogriffs (D:7)
  A blink frog (Lair:1)
  Sigmund (D:2)
  A wyvern (D:7)
  Grum (D:9)
  2 hogs (D:7)
  12 yaks
  A water moccasin (Lair:1)
  4 orc warriors
  A slave (D:4)
  A phantom (D:11)
  3 ice beasts
  A sky beast (D:5)
  4 ogres
  A necrophage (D:7)
  4 wolves
  A crocodile (Lair:1)
  4 centaurs
  Blork the orc (D:4)
  A big kobold (D:10)
  2 bullfrogs
  A wyvern skeleton (D:10)
  3 scorpions
  4 killer bees
  4 howler monkeys
  A crimson imp (D:7)
  A bullfrog zombie (D:7)
  A quasit (D:9)
  2 bullfrog skeletons (D:7)
  A jelly (D:10)
  3 hounds
  8 orc priests
  Ijyb (D:5)
  2 iguanas
  8 orc wizards
  4 worker ants
  6 gnolls
  5 adders
  3 shadow imps
  An adder skeleton (D:7)
  4 worms
  2 leopard geckos
  29 orcs
  2 goblins
  5 hobgoblins
  11 jackals
  A quokka (D:4)
  A bat (D:2)
  3 frilled lizards
  11 kobolds
  2 rats
  A plant (D:11)
195 creatures vanquished.

Vanquished Creatures (others)
  Harold (D:9)
  A fungus (Lair:2)
  A plant (D:11)
3 creatures vanquished.

Grand Total: 366 creatures vanquished

Notes
Turn   | Place    | Note
-------+----------+-------------------------------------------
     0 | D:1      | Aviak the Gnoll Summoner began the quest for the Orb.
     0 | D:1      | Reached XP level 1. HP: 13/13 MP: 6/6
   121 | D:1      | Reached XP level 2. HP: 11/19 MP: 7/7
   125 | D:1      | Learned a level 2 spell: Call Imp
   653 | D:1      | Reached XP level 3. HP: 23/25 MP: 9/9
   664 | D:1      | Reached skill level 5 in Spellcasting
   700 | D:1      | Learned a level 3 spell: Call Canine Familiar
  1251 | D:2      | Found a shimmering blue altar of Sif Muna.
  1255 | D:2      | Reached skill level 1 in Invocations
  1265 | D:2      | Became a worshipper of Sif Muna the Loreminder
  1503 | D:2      | Noticed Jessica
  1504 | D:2      | Reached skill level 1 in Fighting
  1504 | D:2      | Reached skill level 1 in Short Blades
  1504 | D:2      | Reached skill level 1 in Long Blades
  1504 | D:2      | Reached skill level 1 in Axes
  1504 | D:2      | Reached skill level 1 in Maces & Flails
  1504 | D:2      | Reached skill level 1 in Polearms
  1504 | D:2      | Reached skill level 1 in Staves
  1504 | D:2      | Reached skill level 1 in Slings
  1504 | D:2      | Reached skill level 1 in Bows
  1504 | D:2      | Reached skill level 1 in Crossbows
  1504 | D:2      | Reached skill level 1 in Throwing
  1504 | D:2      | Reached skill level 1 in Armour
  1504 | D:2      | Reached skill level 1 in Shields
  1504 | D:2      | Reached skill level 1 in Unarmed Combat
  1504 | D:2      | Reached skill level 1 in Evocations
  1504 | D:2      | Reached XP level 4. HP: 32/32 MP: 11/11
  1511 | D:2      | Killed Jessica
  1524 | D:2      | Noticed a phantom
  1536 | D:2      | Killed a phantom
  1536 | D:2      | Reached skill level 1 in Conjurations
  1536 | D:2      | Reached skill level 1 in Hexes
  1536 | D:2      | Reached skill level 1 in Charms
  1536 | D:2      | Reached skill level 1 in Necromancy
  1536 | D:2      | Reached skill level 1 in Translocations
  1536 | D:2      | Reached skill level 1 in Transmutations
  1536 | D:2      | Reached skill level 1 in Fire Magic
  1536 | D:2      | Reached skill level 1 in Ice Magic
  1536 | D:2      | Reached skill level 1 in Air Magic
  1536 | D:2      | Reached skill level 1 in Earth Magic
  1536 | D:2      | Reached skill level 1 in Poison Magic
  1536 | D:2      | Reached XP level 5. HP: 18/37 MP: 12/12
  1869 | D:2      | Noticed Sigmund
  1877 | D:2      | Reached * piety under Sif Muna
  1884 | D:2      | Killed Sigmund
  1884 | D:2      | Reached XP level 6. HP: 44/44 MP: 12/13
  2087 | D:2      | Learned a level 4 spell: Summon Lightning Spire
  2697 | D:3      | Reached skill level 5 in Dodging
  2716 | D:3      | Reached ** piety under Sif Muna
  3724 | D:4      | Noticed Blork the orc
  3733 | D:4      | Killed Blork the orc
  3733 | D:4      | Reached XP level 7. HP: 48/50 MP: 15/15
  3797 | D:4      | Learned a level 4 spell: Summon Ice Beast
  4030 | D:4      | Noticed Pikel
  4053 | D:4      | Killed Pikel
  4053 | D:4      | Reached skill level 5 in Stealth
  4113 | D:4      | Reached XP level 8. HP: 41/57 MP: 16/16
  4343 | D:5      | Entered Level 5 of the Dungeon
  4531 | D:5      | Found a staircase to the Ecumenical Temple.
  4560 | D:5      | Noticed Ijyb
  4570 | D:5      | Killed Ijyb
  4590 | D:5      | Found an ornate altar of the Wu Jian Council.
  4621 | D:5      | You fall into a shaft and drop 1 floor!
  4626 | D:6      | Found a white marble altar of Elyvilon.
  4653 | D:6      | Reached *** piety under Sif Muna
  4793 | D:6      | Found a basalt altar of Yredelemnul.
  4823 | D:6      | Found a stormy altar of Qazlal.
  4918 | D:6      | Found the amulet of the Four Winds {rN+ MR+++ Clar}
  5235 | D:6      | Got a twisted quarterstaff
  5244 | D:6      | Identified the +3 quarterstaff "Riqaxti" {drain, *Corrode
                  | rElec rPois Int+6} (You found it on level 6 of the Dungeon)
  5473 | D:7      | Noticed a hippogriff
  5484 | D:7      | Killed a hippogriff
  5493 | D:7      | Noticed a hippogriff
  5501 | D:7      | Killed a hippogriff
  5581 | D:7      | Found a sacrificial altar of Ru.
  5648 | D:7      | Reached XP level 9. HP: 25/65 MP: 13/18
  5783 | D:7      | Found Erext's Food Emporium.
  5951 | D:7      | Found a hazy altar of Hepliaklqana.
  6165 | D:7      | Reached **** piety under Sif Muna
  6198 | D:7      | Reached skill level 8 in Summonings
  6221 | D:7      | Noticed an orc knight
  6242 | D:7      | Killed an orc knight
  6318 | D:7      | Identified the ring "Heoxi" {MP+9 AC+5 SInv Stlth+}
  6423 | D:7      | Got a fine zirconium amulet
  6432 | D:7      | Got a pitted iron ring
  6435 | D:7      | Got a brightly glowing golden ring
  6542 | D:7      | Identified the amulet "Tisykoxt" {RegenMP rElec Stlth+}
                  | (You found it on level 7 of the Dungeon)
  6543 | D:7      | Identified the ring "Pagymul" {rF+ Str+3 Int-5 Dex+4} (You
                  | found it on level 7 of the Dungeon)
  6544 | D:7      | Identified the ring "Daongil" {rC+ Str+2 Dex+3 SInv Stlth+}
                  | (You found it on level 7 of the Dungeon)
  6575 | D:7      | Found a roughly hewn altar of Beogh.
  6710 | D:7      | Found a burning altar of Makhleb.
  6710 | D:7      | Noticed a blizzard demon
  6786 | D:7      | Reached skill level 5 in Invocations
  6791 | D:7      | Reached XP level 10. HP: 64/73 MP: 20/20
  6894 | D:8      | Found Iwablaiz's Weapon Shop.
  6921 | D:8      | Found Ihuysyupuu's Distillery.
  6962 | D:8      | Bought a potion of might for 52 gold pieces
  6962 | D:8      | Bought a potion of heal wounds for 65 gold pieces
  6962 | D:8      | Bought a potion of haste for 130 gold pieces
  6962 | D:8      | Bought a potion of haste for 130 gold pieces
  6998 | D:8      | Reached ***** piety under Sif Muna
  7151 | D:8      | Found Xose's Armour Shoppe.
  7486 | D:8      | Found Deq Dent's General Store.
  7494 | D:8      | Bought a scroll of teleportation for 42 gold pieces
  7494 | D:8      | Bought a potion of invisibility for 112 gold pieces
  7743 | D:9      | Noticed a manticore
  7753 | D:9      | Killed a manticore
  7753 | D:9      | Reached skill level 5 in Fighting
  7753 | D:9      | Reached skill level 5 in Short Blades
  7753 | D:9      | Reached skill level 5 in Long Blades
  7753 | D:9      | Reached skill level 5 in Axes
  7753 | D:9      | Reached skill level 5 in Maces & Flails
  7753 | D:9      | Reached skill level 5 in Polearms
  7753 | D:9      | Reached skill level 5 in Staves
  7753 | D:9      | Reached skill level 5 in Slings
  7753 | D:9      | Reached skill level 5 in Bows
  7753 | D:9      | Reached skill level 5 in Crossbows
  7753 | D:9      | Reached skill level 5 in Throwing
  7753 | D:9      | Reached skill level 5 in Armour
  7753 | D:9      | Reached skill level 5 in Shields
  7753 | D:9      | Reached skill level 5 in Unarmed Combat
  7753 | D:9      | Reached skill level 5 in Evocations
  7983 | D:9      | Noticed Erolcha
  7983 | D:9      | Noticed Grum
  8007 | D:9      | Killed Grum
  8010 | D:9      | Killed Erolcha
  8766 | D:9      | Found a glowing silver altar of Zin.
  8786 | D:9      | Noticed Harold
  8795 | D:9      | Paralysed by a hornet for 3 turns
  8798 | D:9      | HP: 2/74 [orc warrior/+0 halberd (10)]
  8814 | D:9      | Killed Harold
  8828 | D:9      | Identified Sif Muna's Compendium of the Nocuous Arsonist
                  | (Sif Muna gifted it to you on level 9 of the Dungeon)
  8828 | D:9      | Received a gift from Sif Muna
  8864 | D:9      | Learned a level 3 spell: Confuse
  8869 | D:9      | Learned a level 4 spell: Fulminant Prism
  9096 | D:10     | Entered Level 10 of the Dungeon
  9411 | D:10     | Noticed an unseen horror
  9428 | D:10     | Killed an unseen horror
  9434 | D:10     | Reached XP level 11. HP: 49/81 MP: 13/22
  9552 | D:10     | Found a portal to a secret trove of treasure.
 10163 | D:11     | Found a staircase to the Lair.
 10169 | D:11     | Noticed an unseen horror
 10189 | D:11     | Killed an unseen horror
 10189 | D:11     | Reached skill level 5 in Conjurations
 10189 | D:11     | Reached skill level 5 in Hexes
 10189 | D:11     | Reached skill level 5 in Charms
 10189 | D:11     | Reached skill level 5 in Necromancy
 10189 | D:11     | Reached skill level 5 in Translocations
 10189 | D:11     | Reached skill level 5 in Transmutations
 10189 | D:11     | Reached skill level 5 in Fire Magic
 10189 | D:11     | Reached skill level 5 in Ice Magic
 10189 | D:11     | Reached skill level 5 in Air Magic
 10189 | D:11     | Reached skill level 5 in Earth Magic
 10189 | D:11     | Reached skill level 5 in Poison Magic
 10412 | D:11     | Noticed a two-headed ogre
 10434 | D:11     | Killed a two-headed ogre
 10465 | D:11     | Found a radiant altar of Vehumet.
 10479 | D:11     | Noticed a six-headed hydra
 10486 | D:11     | Killed a six-headed hydra
 10508 | D:11     | Noticed a two-headed ogre
 10515 | D:11     | Killed a two-headed ogre
 10605 | D:11     | Noticed a cyan ugly thing
 10617 | D:11     | Killed a cyan ugly thing
 10815 | D:11     | Identified Sif Muna's Volume of Unholy Secrets (Sif Muna
                  | gifted it to you on level 11 of the Dungeon)
 10815 | D:11     | Received a gift from Sif Muna
 10825 | D:11     | Reached skill level 9 in Summonings
 11135 | D:11     | Noticed a four-headed hydra
 11138 | D:11     | Noticed a white ugly thing
 11144 | D:11     | Killed a four-headed hydra
 11160 | D:11     | Killed a white ugly thing
 11304 | Lair:1   | Entered Level 1 of the Lair of Beasts
 12071 | Lair:1   | Reached XP level 12. HP: 69/89 MP: 24/24
 12126 | Lair:1   | Noticed an eight-headed hydra
 12147 | Lair:1   | Killed an eight-headed hydra
 12969 | Lair:2   | HP: 6/133 [komodo dragon (16)]
 12970 | Lair:2   | Slain by a black mamba

Levels and vault maps discovered:
D:1:      co_arrival_random_square_maze, layout_basic, serial_park_tiny_2,
          serial_bayou_ford_a, minmay_misc_feat_iff, minmay_split_cup_small
D:2:      layout_basic, old_standard_altar, uniq_jessica, uniq_sigmund
D:3:      layout_loops_corners
D:4:      layout_basic, first_ration, minmay_bent, uniq_pikel,
          uniq_blork_the_orc
D:5:      layout_rooms, kennysheep_slug_shrine, lemuel_round_altar,
          minmay_temple_entry_offerings, uniq_grinder, uniq_ijyb
D:6:      layout_cave_pods, yredelemnul_altar_generic, lemuel_round_altar,
          elyvilon_altar_3
D:7:      minmay_the_grid_triangle_9x9_rhombus_full
          [minmay_the_grid_triangle_9x9_alien,
          minmay_the_grid_triangle_9x9_swiss_cheese,
          minmay_the_grid_triangle_9x9_stretched_checkered,
          minmay_the_grid_triangle_9x9_limited_checkers,
          minmay_the_grid_triangle_9x9_warning,
          minmay_the_grid_triangle_9x9_odd_lines,
          minmay_the_grid_triangle_9x9_negative_grid,
          minmay_the_grid_triangle_9x9_prize_special], layout_loops_cross,
          kennysheep_mini_moat, makhleb_altar_promises_db,
          nicolae_ru_path_of_blood, enter_bailey_1, serial_shops,
          nicolae_shop_crystal, grunt_livestock, minivault_4,
          david_defended_altar_orc
D:8:      layout_loops_cross, serial_shops, shop, shop, shop, shop
D:9:      layout_cave_pools, zin_scriptorium, uniq_erolcha, uniq_grum,
          uniq_harold
D:10:     statuecave_lemuel, layout_basic, enter_trove_6
D:11:     layout_gridville, david_lair_shrubbed, basic_altar
Lair:1:   layout_cave_pods, beast_lair_carwin_6
Lair:2:   layout_regular_city, kennysheep_snail_temple,
          minmay_lair_oklob_chamber

Skill      XL: |  1  2  3  4  5  6  7  8  9 10 11 |
---------------+----------------------------------+-----
Spellcasting   | 5 6 7 8 |  8.6
Invocations    | 1 2 3 4 5 6 7 |  7.5
Fighting       | 1 2 3 4 5 6 |  6.9
Short Blades   | 1 2 3 4 5 6 |  6.9
Long Blades    | 1 2 3 4 5 6 |  6.9
Axes           | 1 2 3 4 5 6 |  6.9
Maces & Flails | 1 2 3 4 5 6 |  6.9
Polearms       | 1 2 3 4 5 6 |  6.9
Staves         | 1 2 3 4 5 6 |  6.9
Slings         | 1 2 3 4 5 6 |  6.9
Bows           | 1 2 3 4 5 6 |  6.9
Crossbows      | 1 2 3 4 5 6 |  6.9
Throwing       | 1 2 3 4 5 6 |  6.9
Armour         | 1 2 3 4 5 6 |  6.9
Shields        | 1 2 3 4 5 6 |  6.9
Unarmed Combat | 1 2 3 4 5 6 |  6.9
Evocations     | 1 2 3 4 5 6 |  6.9
Conjurations   | 1 2 3 4 5 |  5.7
Hexes          | 1 2 3 4 5 |  5.7
Charms         | 1 2 3 4 5 |  5.7
Necromancy     | 1 2 3 4 5 |  5.7
Translocations | 1 2 3 4 5 |  5.7
Transmutations | 1 2 3 4 5 |  5.7
Fire Magic     | 1 2 3 4 5 |  5.7
Ice Magic      | 1 2 3 4 5 |  5.7
Air Magic      | 1 2 3 4 5 |  5.7
Earth Magic    | 1 2 3 4 5 |  5.7
Poison Magic   | 1 2 3 4 5 |  5.7
Dodging        | 5 6 7 8 |  8.4
Stealth        | 5 6 7 8 |  8.1
Summonings     | 8 9 |  9.2

Action                   |  1- 3 |  4- 6 |  7- 9 | 10-12 || total
-------------------------+-------+-------+-------+-------++-------
Melee: Unarmed           |    21 |       |       |       ||    21
       Bite              |     9 |    18 |    13 |    45 ||    85
       Dagger            |   102 |    47 |       |       ||   149
       Spear             |       |   116 |    40 |       ||   156
       Whip              |       |       |    76 |       ||    76
       Quarterstaff      |       |       |    96 |   319 ||   415
 Cast: Summon Small Mamm |     4 |       |       |       ||     4
       Call Imp          |     9 |     8 |     9 |       ||    26
       Call Canine Famil |     1 |     8 |    12 |    20 ||    41
       Summon Lightning  |       |     5 |    12 |    33 ||    50
       Summon Ice Beast  |       |       |     8 |    43 ||    51
Evoke: Wand              |       |       |       |     3 ||     3
  Use: Potion            |     1 |     1 |     1 |     7 ||    10
       Scroll            |       |    10 |    10 |     6 ||    26
 Stab: Sleeping          |     9 |    14 |    10 |    20 ||    53
       Distracted        |     1 |     4 |     3 |     5 ||    13
  Eat: Chunk             |     2 |     9 |    12 |    16 ||    39
       Ration            |       |       |       |     2 ||     2
Armor: Robe              |    31 |    12 |     5 |       ||    48
       Ring mail         |       |       |    19 |   125 ||   144
Dodge: Dodged            |   150 |   104 |   159 |   331 ||   744
Block: Buckler           |       |    20 |    26 |       ||    46
